 Dungeon Crawl Stone Soup version 0.31-a0-240-gb923e448b6 (webtiles) character file.

Game seed: 7209577226163308446

91 qw the Shooter (level 4, 0/26 HPs)
             Began as a Gargoyle Hexslinger on July 12, 2023.
             Slain by a water moccasin zombie (2 damage)
             ... on level 4 of the Dungeon.
             The game lasted 00:01:00 (2643 turns).

qw the Shooter (Gargoyle Hexslinger)                Turns: 2643, Time: 00:01:00

Health: 0/26       AC:  8    Str:  9 (12) XL:     4   Next: 59%
Magic:  5/5        EV: 10    Int: 11 (13) God:
Gold:   162        SH:  0    Dex: 11 (14) Spells: 4/5 levels left

rFire   + . .        Y - +2 sling
rCold   . . .        (no shield)
rNeg    + . .        e - +0 ring mail
rPois   inf          (no helmet)
rElec   +            (no cloak)
rCorr   .            (no gloves)
SInv    .            (no boots)
Will    .....        (no amulet)
Stlth   +            b - ring of protection from fire
HPRegen 0.24/turn    (no ring)
MPRegen 0.09/turn

%: no passive effects
@: no status effects
A: sickness immunity, AC +3, negative energy resistance 1, electricity
resistance, torment resistance 1, petrification resistance
a: no special abilities


You were on level 4 of the Dungeon.
You visited 1 branch of the dungeon, and saw 4 of its levels.

You collected 162 gold pieces.


Innate Abilities, Weirdness & Mutations

You are immune to sickness and miasma.
Your stone body is resilient. (AC +3)
You are immune to poison.
You resist negative energy. (rN+)
You are resistant to electric shocks. (rElec)
You are resistant to unholy torment.
You are immune to petrification.


   Skills:
 - Level 2.0 Fighting
 + Level 4.2 Ranged Weapons
 - Level 1.0 Armour
 - Level 1.5 Dodging
 - Level 1.0 Spellcasting
 - Level 2.6 Hexes


You had 4 spell levels left.
You knew the following spells:

 Your Spells              Type           Power      Damage    Failure   Level
a - Slow                  Hex            24%        N/A       30%         1

Your spell library contained the following spells:

 Spells                   Type           Power      Damage    Failure   Level
 Inner Flame              Hex/Fire       3%         N/A       83%         3
 Portal Projectile        Hex/Tloc       6%         N/A       83%         3
 Cause Fear               Hex            3%         N/A       96%         4

Inventory:

Hand Weapons
 Y - a +2 sling (weapon)
Armour
 e - a +0 ring mail (worn)
Jewellery
 b - a ring of protection from fire (left hand)
Scrolls
 a - a scroll of identify
Potions
 d - a potion of curing
 f - a potion of berserk rage {unknown}

Dungeon Overview and Level Annotations

Branches:
Dungeon (4/15)
 Temple: D:4-7

Altars:
Yredelemnul

Annotations:
D:3 1 runed translucent door, qw's ghost, weakling MiHs
D:4 3 runed translucent doors, qw's ghost, amateur MiHs


Message History

You shoot a sling bullet.
The sling bullet hits the water moccasin zombie.
The water moccasin zombie is heavily damaged.
The water moccasin zombie bites you but does no damage.
The water moccasin zombie bites you.
You shoot a sling bullet.
The sling bullet closely misses the water moccasin zombie.
The water moccasin zombie barely misses you.
You shoot a sling bullet.
The sling bullet closely misses the water moccasin zombie.
The water moccasin zombie barely misses you.
The water moccasin zombie bites you but does no damage.
You shoot a sling bullet.
The sling bullet hits the water moccasin zombie.
The water moccasin zombie is heavily damaged.
The water moccasin zombie bites you but does no damage.
Qw's ghost laughs crazily.
You shoot a sling bullet.
The sling bullet hits the water moccasin zombie.
The water moccasin zombie is heavily damaged.
The water moccasin zombie barely misses you.
The water moccasin zombie bites you.
You shoot a sling bullet.
The sling bullet hits the water moccasin zombie.
The water moccasin zombie is severely damaged.
The water moccasin zombie barely misses you.
The water moccasin zombie bites you but does no damage.
You shoot a sling bullet.
The sling bullet barely misses the water moccasin zombie.
The water moccasin zombie bites you.
Qw's ghost screams, "Zot is a myth, the ORB is a fable, you'll soon be a tale!"
You shoot a sling bullet.
The sling bullet hits the water moccasin zombie.
The water moccasin zombie is severely damaged.
The water moccasin zombie bites you. x2
You shoot a sling bullet.
The sling bullet hits the water moccasin zombie but does no damage.
The water moccasin zombie is severely damaged.
The water moccasin zombie misses you. The water moccasin zombie bites you.
You die...

#.........#
#.........###
#...........#
#............
##........###.
###########...)######
## ..#$$$#..'..#### #
#.#..W#[#####
#.#+++#@# #....ZZ.#
###...### #.._. ##...
###


You could see qw's ghost, a water moccasin zombie and a hound zombie.

Vanquished Creatures
  2 adders
  A worm (D:3)
  3 dart slugs
  7 orcs
  5 ball pythons
  5 bats
  2 endoplasms
  4 giant cockroaches
  8 hobgoblins
  A quokka (D:1)
  6 frilled lizards
  2 goblins
  7 kobolds
  4 rats
57 creatures vanquished.

Notes
Turn   | Place    | Note
-------+----------+-------------------------------------------
     0 | D:1      | qw the Gargoyle Hexslinger began the quest for the Orb.
     0 | D:1      | Reached XP level 1. HP: 12/12 MP: 2/2
     0 | D:1      | 0 ||| qw: Version: 0.3-a-52-g30416fa
     0 | D:1      | 0 ||| qw: Game counter: 6170
     0 | D:1      | 0 ||| qw: Melee chars always use a shield: true
     0 | D:1      | 0 ||| qw: God list: Okawaru
     0 | D:1      | 0 ||| qw: Allow faded altars: false
     0 | D:1      | 0 ||| qw: Do Orc after clearing Dungeon:15 true
     0 | D:1      | 0 ||| qw: Do second Lair branch before Depths: true
     0 | D:1      | 0 ||| qw: Lair rune preference: random
     0 | D:1      | 0 ||| qw: Goals: Normal
     0 | D:1      | 0 ||| PLANNING D:1-11
   242 | D:1      | Reached XP level 2. HP: 16/16 MP: 3/3
   436 | D:1      | Reached skill level 3 in Ranged Weapons
   648 | D:1      | 648 ||| UPGRADING to +0 ring mail.
   658 | D:1      | 658 ||| DROPPING +0 robe.
   659 | D:1      | 659 ||| READING 3 scrolls labelled OCKAPE TANUCI.
   660 | D:1      | 660 ||| READING scroll labelled NITSUN UTAENEPRI.
   661 | D:1      | 661 ||| DROPPING 2 scrolls of fog.
   662 | D:1      | 662 ||| DROPPING scroll of poison.
   802 | D:2      | Reached XP level 3. HP: 19/21 MP: 4/4
  1392 | D:2      | 1392 ||| READING scroll labelled QUQAYG JAGG.
  1393 | D:2      | 1393 ||| DRINKING 2 pink potions.
  1394 | D:2      | 1394 ||| DROPPING potion of degeneration.
  1426 | D:3      | HP: 4/21 [orc/+0 short sword (4)]
  1430 | D:3      | Reached XP level 4. HP: 6/26 MP: 5/5
  1511 | D:3      | Found a runed translucent door.
  1519 | D:3      | Noticed qw's ghost (weakling MiHs)
  1707 | D:3      | Reached skill level 4 in Ranged Weapons
  1744 | D:3      | Found a faded altar of an unknown god.
  1761 | D:3      | 1761 ||| Stepping ~*~*~tactically~*~*~ (outnumbered).
  1763 | D:3      | 1763 ||| Stepping ~*~*~tactically~*~*~ (outnumbered).
  1783 | D:3      | 1783 ||| FLEEEEING.
  1988 | D:3      | Reached skill level 1 in Armour
  2458 | D:3      | 2458 ||| UPGRADING to ring of protection from fire.
  2459 | D:3      | 2459 ||| READING 2 scrolls of identify.
  2459 | D:3      | 2459 ||| IDENTIFYING inky potion
  2494 | D:4      | 2494 ||| STAIRDANCE
  2620 | D:4      | Found a runed translucent gate.
  2620 | D:4      | Found a runed translucent gate.
  2620 | D:4      | Found a runed translucent gate.
  2620 | D:4      | Noticed qw's ghost (amateur MiHs)
  2622 | D:4      | Found a basalt altar of Yredelemnul.
  2642 | D:4      | HP: 5/26 [water moccasin zombie (2)]
  2642 | D:4      | HP: 1/26 [water moccasin zombie (4)]
  2643 | D:4      | Slain by a water moccasin zombie

Levels and vault maps discovered:
D:1:      mrwooster_arrival_statue, layout_basic
D:2:      layout_loops_ring, minmay_misc_feat_x
D:3:      layout_basic, ebering_ghost_sewer_d, ebering_ecumenical_altar_rust,
          st_stairs_13, lexackson_kobold_supper
D:4:      layout_cave_pods, nicolae_yredelemnul_ghost_church, uniq_menkaure

Skill      XL: |  1  2  3  4 |
---------------+-------------+-----
Ranged Weapons | 3 4 |  4.2
Fighting       | 2 |  2.0
Armour         | 1 |  1.0
Dodging        | |  1.5
Spellcasting   | |  1.0
Hexes          | |  2.6

Action                     |  1- 3 |  4- 6 || total
---------------------------+-------+-------++-------
   Fire: Sling             |   166 |    80 ||   246
    Use: Scroll            |     3 |     1 ||     4
         Potion            |     1 |       ||     1
 Armour: Ring mail         |    50 |    34 ||    84
         Robe              |     6 |       ||     6
  Dodge: Dodged            |    56 |    31 ||    87

Table legend:
 A = Non-vault XP
 B = Vault XP
 C = Vault XP percentage of total XP
 D = Non-vault monster count
 E = Vault monster count
 F = Vault count percentage of total count
                 A         B        C        D         E       F
            +---------+---------+-------+---------+---------+-------
      Total |     120 |      11 |   8.4 |      48 |       9 |  15.8
            +---------+---------+-------+---------+---------+-------
        D:1 |      22 |       0 |   0.0 |      12 |       0 |   0.0
        D:2 |      48 |       0 |   0.0 |      22 |       0 |   0.0
        D:3 |      47 |      11 |  19.0 |      13 |       9 |  40.9
        D:4 |       3 |       0 |   0.0 |       1 |       0 |   0.0
            +---------+---------+-------+---------+---------+-------
